 Dungeon Crawl Stone Soup version 0.17-a0-1572-g7a1422d (webtiles) character file.

352 OnBrokenWings the Chiller (level 6, -4/34 HPs)
             Began as a Deep Elf Ice Elementalist on July 25, 2015.
             Slain by Grinder (7 damage)
             ... on level 4 of the Dungeon.
             The game lasted 00:18:58 (4542 turns).

OnBrokenWings the Chiller (DEIE)                    Turns: 4542, Time: 00:18:59

Health: -4/34      AC:  5    Str:  5    XL:     6   Next: 35%
Magic:  10/15      EV: 13    Int: 21    God:
Gold:   223        SH:  0    Dex: 16    Spells: 4 memorised, 4 levels left

rFire  . . .     SeeInvis .     k - +0 short sword (elec)
rCold  . . .     Clarity  .     a - +0 robe
rNeg   . . .     SustAt   .     (no shield)
rPois  .         Gourm    .     (no helmet)
rElec  .         Spirit   .     i - +0 cloak
rCorr  .         Warding  .     n - +1 pair of gloves
rMut   .         Stasis   .     (no boots)
MR     .....                    (no amulet)
Stlth  +++.......               (no ring)
                                (no ring)

@: not resistant to hostile enchantments, fairly stealthy
A: no striking features
a: no special abilities


You were on level 4 of the Dungeon.
You were hungry.

You visited 1 branch of the dungeon, and saw 4 of its levels.

You collected 223 gold pieces.

Inventory:

Hand weapons
 k - a +0 short sword of electrocution (weapon)
Armour
 a - a +0 robe (worn)
 i - a +0 cloak (worn)
 n - a +1 pair of gloves (worn)
Magical devices
 t - a wand of heal wounds (2)
Scrolls
 e - 3 scrolls of remove curse
 f - a scroll of enchant armour
 h - a scroll of enchant weapon {unknown}
 q - 2 scrolls of identify
Potions
 g - a potion of ambrosia
 m - a potion of flight {unknown}
 o - a potion of agility {unknown}
 p - a potion of resistance {unknown}
Books
 b - a book of Frost

   Spells                             Type                      Level
   a - Freeze                         Ice                          1
   b - Throw Frost                    Conjuration/Ice              2
   c - Ozocubu's Armour               Charms/Ice                   3
   d - Throw Icicle                   Conjuration/Ice              4
   e - Summon Ice Beast               Ice/Summoning                4
   f - Condensation Shield            Ice                          4
Comestibles
 c - 3 bread rations
 d - 2 slices of pizza


   Skills:
 + Level 1.4 Fighting
 + Level 1.5 Short Blades
 + Level 3.3 Dodging
 + Level 3.6 Stealth
 * Level 4.8 Spellcasting
 + Level 2.1 Conjurations
 + Level 0.8 Charms
 * Level 5.1 Ice Magic


You had 4 spell levels left.
You knew the following spells:

 Your Spells              Type           Power        Failure   Level  Hunger
a - Freeze                Ice            ####         1%          1    None
b - Throw Frost           Conj/Ice       ###...       4%          2    None
c - Ozocubu's Armour      Chrm/Ice       ###.....     12%         3    ##.....
d - Condensation Shield   Ice            ####......   17%         4    ####...


Dungeon Overview and Level Annotations

Branches:
Dungeon (4/15)
 Temple: D:4-7

Altars:
Elyvilon
Qazlal
Zin
The Shining One

Annotations:
D:4 Grinder


Message History

Casting: Throw Frost
Confirm with . or Enter, or press ? or * to list all spells.
Aiming: Freeze
Press: ? - help, Shift-Dir - straight line, f/p - Grinder
Aim: Grinder (severely wounded)
You freeze Grinder.
Grinder completely resists.
Grinder is severely wounded.
Grinder hits you.
* * * LOW HITPOINT WARNING * * *
You writhe in agony.
* * * LOW HITPOINT WARNING * * *
Casting: Freeze
Confirm with . or Enter, or press ? or * to list all spells.
Aiming: Freeze
Press: ? - help, Shift-Dir - straight line, f/p - Grinder
Aim: Grinder (severely wounded)
You freeze Grinder.
Grinder resists.
Grinder is severely wounded.
Grinder hits you!
You die...

##.##
#..#
##.##
##.##
##..#
#..##
##..#
#####..##
#@##..##
#.5...#
#....##
#....#
#...##
#..##
##.# ##.
#


You could see Grinder.

Vanquished Creatures
  An ogre (D:4)
  The ghost of Kassandra the Insei, an average DsCK of Xom (D:3)
  An orc priest (D:3)
  Jessica (D:3)
  3 adders
  3 oozes
  9 orcs
  7 bats
  5 giant cockroaches
  9 goblins
  9 hobgoblins
  A quokka (D:3)
  2 ball pythons
  2 giant geckos
  4 giant newts
  8 jackals
  4 kobolds
  3 rats (D:1)
73 creatures vanquished.

Notes
Turn   | Place    | Note
--------------------------------------------------------------
     0 | D:1      | OnBrokenWings the Deep Elf Ice Elementalist began the quest for the Orb.
     0 | D:1      | Reached XP level 1. HP: 10/10 MP: 6/6
   700 | D:1      | Reached XP level 2. HP: 13/15 MP: 5/8
   731 | D:1      | Learned a level 2 spell: Throw Frost
  2071 | D:2      | Reached XP level 3. HP: 19/19 MP: 9/9
  2181 | D:2      | Learned a level 3 spell: Ozocubu's Armour
  2415 | D:2      | Found a glowing golden altar of the Shining One.
  2531 | D:2      | Reached skill level 4 in Ice Magic
  2958 | D:3      | Noticed Kassandra's ghost (average DsCK)
  2970 | D:3      | Killed Kassandra's ghost
  2970 | D:3      | Reached skill level 1 in Fighting
  2970 | D:3      | Reached skill level 1 in Short Blades
  2970 | D:3      | Reached XP level 4. HP: 22/25 MP: 4/12
  2970 | D:3      | Reached XP level 5. HP: 25/29 MP: 4/13
  3107 | D:3      | Found a stormy altar of Qazlal.
  3321 | D:3      | Found a white marble altar of Elyvilon.
  3486 | D:3      | Learned a level 4 spell: Condensation Shield
  3774 | D:3      | Noticed Jessica
  3781 | D:3      | Killed Jessica
  3968 | D:3      | Found a glowing silver altar of Zin.
  4306 | D:4      | Noticed an ogre
  4354 | D:4      | Killed an ogre
  4354 | D:4      | Reached skill level 5 in Ice Magic
  4354 | D:4      | Reached XP level 6. HP: 34/34 MP: 3/15
  4511 | D:4      | Noticed Grinder
  4528 | D:4      | Paralysed by Grinder for 7 turns
  4533 | D:4      | HP: 1/34 [Grinder/nerve-wracking pain (8)]
  4542 | D:4      | Slain by Grinder

Vault maps used:
D:1:      mrwooster_arrival_arrow, minmay_misc_feat_hallway,
          minmay_strange_pillars, grunt_decor_arrowhead
D:2:      nicolae_overflow_hidden_temple, moated_statue,
          kennysheep_generic_room_11
D:3:      overflow_temple_1_default, lemuel_coloured_pillars_altar,
          elyvilon_altar_5, minmay_crystal_room, uniq_jessica
D:4:      kennysheep_mini, lemuel_doored_altar, first_bread, minivault_19,
          uniq_grinder

Action                   |  1- 3 |  4- 6 || total
-------------------------+-------+-------++-------
Melee: Unarmed           |     6 |       ||     6
       Short sword       |    42 |    31 ||    73
 Cast: Freeze            |    33 |    58 ||    91
       Throw Frost       |     5 |     6 ||    11
       Ozocubu's Armour  |       |     3 ||     3
       Condensation Shie |       |     1 ||     1
  Use: Potion            |     1 |     3 ||     4
       Scroll            |       |     6 ||     6
 Stab: Sleeping          |     4 |       ||     4
  Eat: Chunk             |     6 |     5 ||    11
